Map: Polka LE

Players

qqq

  • Race: Zerg Zerg

Massa

  • Race: Terran Terran
  • League: Platinum

BlackDog

  • Race: Terran Terran
  • League: Diamond

SchiziGamer

  • Race: Terran Terran

VOD

Have the link to the VOD?

Description

Time

  • Played on: April 10, 2021, 3:33 p.m.
  • Length: 22:21
Show
View Real Time Build Order
Export as new Build Order

qqq Zerg 

Build Orders: Hatch First, Lurkers 

Get SALT Encoding   

  12  0:02  Drone  
  13  0:10  Drone  
  14  0:23  Overlord  
  14  0:44  Hatchery  
  14  0:47  Drone  
  14  0:51  Drone  
  15  0:57  Drone  
  15  1:00  Drone  
  17  1:25  Extractor, Spawning Pool  
  15  1:40  Drone  
  15  1:41  Drone x2  
  18  1:52  Drone  
  19  1:58  Drone  
  20  2:04  Drone  
  20  2:08  Drone  
  22  2:15  Queen x2  
  22  2:17  Drone  
  27  2:29  Overlord  
  27  2:31  Zergling x2  
  28  2:39  Metabolic Boost  
  28  2:40  Overlord  
  28  2:41  Overlord  
  28  2:55  Zergling x6  
  31  3:03  Drone, Zergling x2  
  33  3:18  Drone x2  
  33  3:19  Zergling x2  
  36  3:22  Zergling x2  
  37  3:29  Evolution Chamber  
  37  3:30  Drone x2, Roach Warren  
  37  3:31  Zergling x4  
  39  3:36  Drone x2  
  41  3:42  Drone  
  41  3:43  Drone  
  43  3:55  Zerg Melee Weapons Level 1  
  43  4:11  Drone x4, Hatchery  
  46  4:25  Drone  
  46  4:27  Lair  
  46  4:29  Overlord  
  46  4:30  Roach  
  49  4:31  Roach  
  49  4:36  Drone  
  52  4:48  Drone, Zergling x2  
  52  4:49  Zergling x2  
  52  4:50  Roach  
  57  4:59  Drone  
  59  5:00  Drone x2  
  59  5:01  Overlord x3  
  59  5:02  Overlord  
  59  5:07  Extractor  
  59  5:08  Extractor  
  59  5:12  Drone  
  59  5:14  Overlord x2  
  59  5:26  Glial Reconstitution  
  59  5:27  Extractor  
  58  5:31  Evolution Chamber, Roach x3  
  58  5:35  Drone x2  
  65  5:36  Drone  
  65  5:42  Queen  
  65  6:20  Roach x3  
  65  6:21  Overlord x2, Roach x2  
  65  6:23  Overseer  
  65  6:24  Pneumatized Carapace  
  75  6:27  Zerg Ground Armor Level 1  
  75  6:28  Drone x6  
  75  6:29  Drone x2  
  83  6:58  Drone x3  
  83  6:59  Drone x5  
  91  7:09  Drone x2, Roach x2  
  91  7:11  Zerg Melee Weapons Level 2  
  91  7:12  Hatchery  
  96  7:23  Spore Crawler  
  96  7:25  Spore Crawler  
  94  7:35  Drone x2  
  94  7:36  Roach x6  
  107  7:46  Extractor x2  
  105  7:52  Hydralisk Den  
  105  7:54  Infestation Pit  
  103  8:09  Roach x2  
  103  8:10  Overlord x4, Roach x2  
  103  8:11  Drone x2  
  103  8:12  Drone  
  114  8:21  Zerg Missile Weapons Level 1  
  84  8:51  Zergling x4  
  84  8:52  Zergling x2, Roach x5  
  84  8:53  Roach  
  97  9:00  Hydralisk x6  
  97  9:02  Zergling x6, Roach x3  
  118  9:08  Zergling x4  
  118  9:09  Roach x2  
  110  9:26  Hydralisk x3  
  110  9:27  Hydralisk, Lurker Den  
  110  9:29  Roach x2  
  110  9:30  Zergling x4, Roach x2  
  127  9:34  Drone x6  
  127  9:35  Queen  
  135  9:43  Roach x3  
  141  9:46  Ravager x2  
  141  9:48  Ravager  
  144  9:56  Hydralisk x2  
  144  9:57  Overlord x2  
  144  9:58  Overlord x2  
  144  9:59  Drone  
  149  10:05  Drone  
  149  10:06  Drone  
  151  10:08  Overseer x3  
  151  10:16  Spine Crawler  
  151  10:17  Spore Crawler  
  149  10:23  Ravager x2  
  132  10:55  Hydralisk x2, Zergling x6  
  132  10:56  Hydralisk, Roach  
  132  10:57  Roach x6  
  149  10:58  Swarm Host x2  
  142  11:42  Roach  
  142  11:43  Hydralisk x3, Roach x3  
  142  11:44  Zergling x10, Swarm Host  
  139  12:24  Hydralisk x3, Zergling x6, Roach x3  
  139  12:25  Hydralisk x5, Roach  
  131  12:39  Hive  
  131  12:40  Zerg Missile Weapons Level 2  
  131  12:43  Zerg Ground Armor Level 2  
  119  12:46  Drone x4  
  119  12:47  Overlord x2  
  119  12:51  Hydralisk x2  
  119  12:53  Spire, Muscular Augments  
  121  12:58  Spore Crawler  
  121  13:00  Spore Crawler  
  121  13:01  Queen  
  121  13:16  Drone x4, Extractor, Overlord x3  
  124  13:29  Lurker x3  
  124  13:30  Lurker x2  
  129  13:34  Overseer x2  
  129  13:35  Hydralisk x4  
  129  13:37  Roach x4  
  129  13:38  Roach  
  147  13:57  Hatchery  
  147  13:58  Hydralisk x3  
  147  13:59  Hydralisk  
  147  14:00  Roach x4  
  147  14:01  Roach x2  
  166  14:04  Grooved Spines  
  166  14:08  Extractor  
  165  14:12  Zerg Flyer Armor Level 1  
  165  14:48  Spine Crawler  
  164  14:55  Hydralisk, Roach x4  
  164  14:56  Hydralisk x3, Roach x3  
  179  15:09  Hydralisk x3  
  179  15:10  Corruptor x2  
  173  15:18  Hydralisk, Corruptor  
  173  15:19  Corruptor x2  
  177  15:27  Drone x2  
  179  15:30  Spore Crawler  
  178  15:43  Drone x2, Overlord x4  
  178  15:44  Corruptor  
  178  15:45  Corruptor x2  
  178  15:46  Roach  
  188  15:55  Overlord x2  
  188  16:01  Ultralisk Cavern  
  187  16:05  Lurker x2  
  187  16:06  Hatchery, Lurker x2  
  190  16:12  Zerg Flyer Armor Level 2  
  190  16:19  Spire  
  190  16:20  Spore Crawler  
  190  16:25  Spore Crawler  
  187  16:26  Spore Crawler  
  187  16:27  Spore Crawler x2  
  184  16:35  Overseer x4  
  184  16:48  Corruptor  
  184  16:49  Corruptor x3  
  192  17:07  Corruptor x3  
  192  17:08  Mutalisk  
  196  17:11  Drone x6  
  177  17:18  Corruptor x2  
  167  17:23  Drone x2  
  167  17:24  Drone  
  170  17:42  Corruptor x3  
  170  18:09  Corruptor x4  
  170  18:10  Corruptor x2  
  170  18:12  Corruptor  
  178  18:18  Zergling x2  
  178  18:19  Zergling x10  
  147  18:28  Zerg Flyer Weapons Level 1, Corruptor x2  
  147  18:29  Corruptor  
  147  18:35  Hydralisk x2  
  119  18:55  Greater Spire  
  119  19:01  Extractor x2  
  117  19:19  Corruptor x3  
  117  19:21  Hydralisk x3, Ultralisk  
  117  19:22  Drone x3  
  117  19:23  Drone x2  
  117  19:24  Drone x2  
  137  19:32  Drone x3, Corruptor x2  
  137  19:33  Drone  
  145  19:39  Corruptor  
  145  19:41  Drone, Roach  
  145  19:42  Drone  
  151  19:50  Hydralisk x2  
  151  19:51  Hydralisk  
  151  19:52  Drone x2  
  159  20:04  Corruptor x2  
  163  20:22  Spore Crawler  
  163  20:25  Lurker x2  
  164  20:28  Seismic Spines  
  164  20:31  Hatchery  
  163  20:46  Zergling x8  
  163  20:47  Ultralisk  
  163  20:48  Zergling x4  
  169  20:58  Corruptor  
  169  21:00  Drone x2  
  169  21:01  Drone x2, Zergling x8  
  169  21:02  Drone x3  
  169  21:03  Drone x4  
  169  21:04  Drone  
  132  21:10  Hydralisk x2  
  132  21:11  Drone, Hydralisk  
  139  21:22  Hydralisk  
  141  21:27  Corruptor  
  141  21:31  Corruptor  
  145  21:42  Corruptor  
  147  21:50  Corruptor  
Show
View Real Time Build Order
Export as new Build Order

Massa Terran 

Build Orders:  

Get SALT Encoding   

  12  0:00  SCV  
  13  0:12  SCV  
  14  0:24  SCV, Supply Depot  
  15  0:45  SCV  
  15  0:46  Barracks  
  16  0:51  Refinery  
  16  0:57  SCV  
  17  1:11  SCV  
  18  1:23  SCV  
  19  1:34  Reaper  
  20  1:53  Orbital Command  
  20  2:00  Barracks  
  20  2:07  Reaper  
  21  2:09  Command Center  
  21  2:21  SCV  
  22  2:35  SCV  
  23  2:55  Supply Depot  
  23  3:16  SCV  
  24  3:56  SCV  
  24  3:58  Orbital Command  
  24  4:00  Marine x2  
  27  4:08  SCV  
  27  4:17  Factory  
  27  4:20  SCV  
  28  4:28  Barracks Tech Lab, SCV  
  29  4:32  SCV  
  30  4:40  SCV  
  30  4:46  SCV  
  30  4:49  Refinery  
  30  4:50  Barracks Reactor  
  30  4:51  Stimpack  
  30  4:52  SCV  
  32  4:55  Barracks  
  32  4:57  Refinery  
  32  4:58  SCV  
  33  5:00  Engineering Bay  
  33  5:04  SCV  
  33  5:06  Supply Depot  
  33  5:07  Command Center, Supply Depot  
  34  5:08  Factory Tech Lab, Supply Depot  
  34  5:10  SCV, Marauder  
  37  5:16  SCV  
  37  5:19  Barracks  
  38  5:23  SCV  
  39  5:28  SCV, Terran Infantry Weapons Level 1  
  39  5:31  Refinery, Missile Turret  
  39  5:32  Marauder, Supply Depot  
  39  5:34  Armory  
  39  5:35  SCV  
  43  5:38  Engineering Bay  
  43  5:40  SCV  
  43  5:42  Siege Tank  
  47  5:43  Marine x2  
  47  5:44  Supply Depot  
  47  5:46  Barracks Tech Lab  
  47  5:47  SCV  
  50  5:52  SCV  
  50  5:56  Marauder  
  53  5:59  SCV  
  53  6:01  Marine x2  
  56  6:04  SCV  
  56  6:06  Missile Turret  
  56  6:07  Supply Depot  
  56  6:08  Terran Infantry Armor Level 1  
  56  6:10  Combat Shield  
  58  6:11  SCV  
  58  6:16  Marauder, Marine  
  61  6:26  SCV x2  
  61  6:31  Concussive Shells  
  63  6:35  Terran Vehicle And Ship Armor Level 1  
  63  6:38  SCV x2  
  65  6:54  Sensor Tower  
  65  6:55  Missile Turret  
  65  6:58  Barracks Tech Lab  
  65  6:59  Marauder, Marine x2  
  65  7:00  Marauder  
  65  7:01  Sensor Tower  
  71  7:07  Starport  
  71  7:13  Missile Turret  
  71  7:17  Starport, Marine  
  71  7:21  SCV, Marauder  
  71  7:22  SCV x2  
  77  7:25  Refinery  
  77  7:28  Refinery  
  77  7:32  Siege Tank  
  77  7:33  Marine  
  77  7:34  SCV x2, Marauder x2  
  77  7:35  SCV, Marine  
  89  7:42  Marine  
  90  7:45  Terran Infantry Weapons Level 2  
  90  7:46  SCV  
  91  8:01  Planetary Fortress  
  91  8:04  Starport Tech Lab x2  
  91  8:11  Terran Infantry Armor Level 2  
  91  8:19  Marine x5  
  96  8:24  Raven  
  98  8:36  Marine  
  98  8:37  Marine x3  
  98  8:38  Siege Tank  
  105  8:44  SCV x3, Barracks, Factory  
  108  8:56  SCV  
  108  9:02  Supply Depot  
  109  9:07  Supply Depot  
  109  9:08  Supply Depot x2  
  109  9:10  Supply Depot  
  109  9:23  SCV x2, Raven, Siege Tank  
  116  9:27  Marine  
  116  9:28  Marine  
  116  9:29  Marauder x3, Command Center  
  124  9:31  Supply Depot  
  124  9:36  Corvid Reactor, Supply Depot  
  124  9:37  Supply Depot  
  124  9:39  Factory Tech Lab, Supply Depot  
  124  9:40  Barracks Tech Lab, Supply Depot  
  124  9:41  Supply Depot  
  124  9:42  Supply Depot  
  124  9:44  Supply Depot  
  124  9:45  Marine  
  124  9:47  Medivac  
  124  9:50  Marauder x3  
  133  9:56  Supply Depot  
  133  10:03  Supply Depot  
  133  10:06  Medivac  
  135  10:07  Supply Depot  
  135  10:09  Supply Depot  
  135  10:12  Siege Tank x2  
  145  10:14  Marauder x4  
  128  10:35  Marauder  
  128  10:36  Marauder  
  127  10:44  Siege Tank  
  123  11:05  Siege Tank  
  126  11:16  Siege Tank  
  129  11:21  Marauder x2  
  129  11:22  Marauder x2, Marine x2  
  129  11:25  Raven  
  141  11:33  SCV x3  
  141  11:37  Siege Tank  
  147  11:40  Marine  
  147  11:43  Marauder x4  
  147  11:45  SCV x3  
  159  11:48  Siege Tank  
  162  11:57  SCV  
  163  12:04  Marauder  
  165  12:09  Siege Tank  
  154  12:21  Siege Tank  
  151  12:35  Marauder x4, Marine  
  119  12:52  Thor x2  
  119  12:54  Marine x2  
  119  12:56  Marauder  
  119  12:57  Marauder x3  
  141  13:02  Raven x2  
  142  13:06  Planetary Fortress  
  142  13:11  Marine  
  142  13:12  SCV x2, Marine, Missile Turret  
  140  13:13  SCV  
  140  13:15  Missile Turret  
  140  13:17  Marauder  
  140  13:18  Marauder x3  
  146  13:24  SCV x2  
  146  13:25  SCV  
  149  13:29  Marine  
  149  13:30  Marine  
  149  13:33  Missile Turret  
  151  13:38  Missile Turret  
  151  13:39  Marauder x4  
  159  13:41  SCV x2  
  159  13:42  SCV x2  
  159  13:47  Marine  
  159  13:48  Marine  
  165  13:49  Smart Servos  
  165  13:53  SCV x2, Siege Tank x2  
  165  13:54  SCV  
  165  13:55  Raven x2  
  178  14:00  Marine x2  
  178  14:01  Marauder x2  
  184  14:04  Fusion Core  
  184  14:05  Marine x2  
  184  14:09  Terran Infantry Weapons Level 3  
  186  14:17  Refinery x2  
  186  14:18  Marauder  
  186  14:19  Marauder  
  186  14:22  Marauder x2  
  194  14:25  Siege Tank  
  194  14:29  Command Center  
  191  14:39  Marauder  
  193  14:50  Marauder x3  
  193  14:51  Marine  
  165  15:33  Marauder x4, Marine x2  
  165  15:35  Thor x2  
  183  15:51  Marine x2  
  183  15:54  Marauder, Marine x2  
  181  16:01  Marauder  
  181  16:06  Planetary Fortress  
  181  16:09  SCV x3, Marine x2  
  187  16:12  Marauder x2  
  187  16:14  Advanced Ballistics  
  187  16:15  Marine  
  187  16:16  Terran Infantry Armor Level 3  
  187  16:18  Thor  
  148  17:39  Thor x2  
  148  17:41  Marauder x4, Marine x2  
  170  17:45  Raven x2  
  174  17:59  Marine x2  
  174  18:02  Marauder, Marine x3  
  178  18:16  Marine  
  179  18:22  Thor x2  
  175  18:28  Medivac x2  
  175  18:58  Medivac  
  144  19:05  Missile Turret, Thor  
  144  19:06  Missile Turret  
  144  19:08  Missile Turret  
  146  19:10  Missile Turret  
  146  19:12  Missile Turret x2  
  146  19:16  Thor  
  152  19:18  Marauder x4, Marine  
  152  19:19  Marine  
  152  19:21  Raven  
  164  19:27  Raven  
  166  19:35  Refinery  
  166  19:36  Refinery, Marine x2  
  168  19:39  Marauder x2  
  168  19:40  Marauder x2  
  176  19:48  Thor  
  176  19:59  Thor  
  182  20:03  Raven  
  180  20:13  Marauder  
  180  20:14  Marauder x3, Marine  
  182  20:15  Marine  
  184  20:26  Barracks  
  184  20:29  Factory  
  184  20:30  Thor  
  184  20:32  Marine x2  
  184  20:35  Marauder x4  
  193  20:42  Thor  
  199  20:50  Marine x2  
  199  20:56  Marauder, Marine  
  140  21:11  Raven x2  
  140  21:14  Factory Tech Lab  
  140  21:18  Marine x7  
  115  21:36  Marine x7  
  120  21:53  Marine  
  118  21:54  Marine x6  
Show
View Real Time Build Order
Export as new Build Order

BlackDog Terran 

Build Orders: 2 Factory, Mech 

Get SALT Encoding   

  12  0:00  SCV  
  13  0:12  SCV  
  14  0:24  SCV, Supply Depot  
  15  0:45  SCV  
  15  0:47  Barracks  
  16  0:52  Refinery  
  16  0:57  SCV  
  17  1:09  SCV  
  18  1:21  SCV  
  19  1:34  SCV  
  19  2:01  Marine  
  19  2:02  Bunker  
  20  2:09  Supply Depot  
  20  2:16  Orbital Command  
  20  2:21  Refinery  
  20  2:24  Factory  
  20  2:30  Barracks Tech Lab  
  20  2:34  Command Center  
  20  2:53  Refinery  
  20  2:59  Factory  
  20  3:03  SCV  
  21  3:06  Marine  
  19  3:36  SCV, Marine  
  19  3:39  Hellion  
  22  3:52  SCV  
  22  3:54  Marine  
  23  4:01  Factory Tech Lab  
  23  4:04  SCV  
  24  4:14  Command Center  
  24  4:16  SCV  
  25  4:28  Orbital Command, SCV  
  26  4:33  Factory Tech Lab  
  26  4:40  SCV  
  27  4:50  Barracks Reactor  
  27  4:52  SCV  
  28  4:57  SCV  
  29  5:04  SCV  
  29  5:06  Siege Tank  
  33  5:09  SCV  
  34  5:14  Supply Depot  
  34  5:16  SCV  
  34  5:21  SCV  
  36  5:28  Orbital Command, SCV  
  36  5:33  Supply Depot  
  36  5:35  Engineering Bay  
  37  5:36  SCV  
  37  5:40  SCV  
  39  5:48  SCV  
  40  5:50  Siege Tank x2  
  40  5:53  SCV  
  40  5:55  SCV  
  48  6:00  SCV  
  48  6:01  Refinery  
  49  6:05  SCV  
  49  6:06  Sensor Tower  
  49  6:07  SCV  
  51  6:12  SCV  
  51  6:17  SCV  
  53  6:19  SCV  
  53  6:24  SCV  
  55  6:33  SCV x2  
  55  6:34  Siege Tank x2  
  55  6:35  Factory  
  55  6:36  SCV  
  64  6:43  Armory  
  64  6:45  SCV  
  65  6:52  SCV  
  66  6:57  SCV  
  67  7:04  SCV  
  67  7:06  Cyclone, Siege Tank  
  74  7:09  SCV  
  74  7:12  Armory  
  75  7:16  SCV  
  75  7:19  Missile Turret  
  75  7:21  SCV  
  77  7:23  Missile Turret  
  77  7:24  Missile Turret  
  77  7:28  Supply Depot  
  77  7:32  Supply Depot  
  77  7:42  Supply Depot  
  77  7:45  Supply Depot  
  77  7:47  Orbital Command  
  77  7:49  SCV x2  
  77  7:50  Hellion x2  
  83  7:52  Supply Depot  
  83  7:54  Siege Tank  
  86  7:58  Supply Depot  
  86  8:01  SCV x2  
  88  8:06  Starport x2  
  88  8:14  SCV x2  
  90  8:21  SCV  
  90  8:25  Siege Tank, Hellbat x2  
  90  8:26  SCV x2, Siege Tank  
  103  8:33  SCV  
  104  8:38  SCV x2  
  106  8:43  Supply Depot  
  106  8:44  Refinery  
  106  8:45  SCV, Supply Depot  
  106  8:47  Supply Depot x2  
  106  8:48  Starport Tech Lab x2, Supply Depot  
  107  8:49  Supply Depot  
  107  8:50  SCV x2  
  109  8:56  Fusion Core  
  109  8:58  SCV  
  110  9:17  Thor  
  110  9:18  SCV, Siege Tank  
  110  9:19  SCV x2  
  110  9:23  Refinery  
  122  9:27  Command Center  
  122  9:29  Command Center  
  122  9:31  SCV x3  
  125  9:47  SCV x3  
  125  9:50  Siege Tank  
  131  9:59  SCV x3  
  134  10:00  Thor  
  134  10:04  Terran Vehicle And Ship Armor Level 1, Terran Vehicle Weapons Level 1  
  140  10:11  SCV x3  
  143  10:22  Thor  
  149  10:34  Hellion x2  
  148  10:43  Siege Tank  
  142  10:55  Hellbat x2  
  139  10:57  Planetary Fortress  
  132  11:05  Siege Tank  
  126  11:15  Siege Tank  
  126  11:16  Hellion, Hellbat  
  130  11:20  Battlecruiser x2  
  142  11:27  Command Center  
  142  11:28  Command Center  
  142  11:29  Command Center  
  142  11:30  Factory  
  140  11:37  Siege Tank  
  140  11:38  Hellbat x2  
  147  11:47  Siege Tank  
  143  11:59  Hellbat  
  145  12:09  Siege Tank  
  148  12:19  Siege Tank  
  143  12:24  Battlecruiser  
  141  12:30  Hellion  
  141  12:31  Battlecruiser  
  137  12:41  Siege Tank  
  140  12:48  SCV  
  136  12:51  Siege Tank  
  136  12:55  Hellion x2  
  136  12:57  Factory Tech Lab  
  140  13:13  Siege Tank  
  140  13:15  SCV  
  140  13:16  SCV x2  
  140  13:17  Hellion x2  
  148  13:23  Siege Tank  
  151  13:28  Battlecruiser  
  157  13:38  SCV x3, Hellion x2  
  157  13:40  Battlecruiser  
  170  13:46  Hellion  
  170  13:56  Terran Vehicle And Ship Armor Level 2, Terran Vehicle Weapons Level 2  
  167  14:32  Battlecruiser  
  167  14:34  Siege Tank x3  
  167  14:35  Hellion x2  
  186  14:44  Battlecruiser  
  192  14:57  Hellion x2  
  196  15:07  Hellion x3  
  184  15:18  Hellion  
  180  15:43  Command Center  
  180  15:44  Command Center  
  180  16:01  Battlecruiser x2  
  180  16:03  Command Center  
  192  16:11  Command Center  
  192  16:12  Orbital Command  
  192  16:16  Refinery x2  
  192  16:25  Missile Turret  
  192  16:39  Terran Vehicle Weapons Level 3  
  192  16:41  Hellion  
  192  16:42  Hellion x3  
  192  16:46  Sensor Tower  
  200  16:50  Missile Turret  
  200  17:19  Weapon Refit  
  200  17:20  Hellion x3  
  200  17:44  Terran Vehicle And Ship Armor Level 3  
  162  18:19  Hellion  
  147  18:20  Hellion x4  
  147  18:22  Battlecruiser x2  
  135  18:41  Hellion x2  
  139  18:45  Thor x3  
  151  18:56  SCV x2  
  151  18:57  SCV  
  149  19:26  Battlecruiser x2  
  149  19:28  Thor x2  
  173  19:34  Thor  
  167  20:11  Thor, Siege Tank  
  174  20:17  Thor  
  180  20:30  Viking  
  180  20:31  Battlecruiser  
  176  20:43  Siege Tank  
  173  20:54  Siege Tank  
  171  21:00  Viking  
  161  21:05  Siege Tank  
  161  21:07  Hellion x2  
  163  21:11  SCV  
  163  21:15  Siege Tank  
  160  21:25  Thor  
  160  21:29  Hellion  
  168  21:37  Thor  
  168  21:40  Hellion  
  162  21:48  Hellion  
  162  21:50  Hellion  
Show
View Real Time Build Order
Export as new Build Order

SchiziGamer Terran 

Build Orders: Command Center First (CC), Mech 

Get SALT Encoding   

  12  0:00  SCV  
  13  0:13  SCV  
  14  0:18  Supply Depot  
  14  0:25  SCV  
  15  0:39  SCV  
  16  0:52  SCV  
  17  1:00  Command Center  
  17  1:05  SCV  
  18  1:23  Refinery, SCV  
  19  1:28  Barracks  
  19  1:35  SCV  
  20  1:50  SCV  
  21  2:02  SCV  
  22  2:17  Orbital Command  
  22  2:19  Marine  
  22  2:20  Orbital Command  
  23  2:30  Command Center  
  23  2:39  Factory  
  23  2:44  SCV  
  24  2:46  SCV  
  25  2:52  Refinery  
  25  2:56  SCV  
  25  2:58  SCV  
  27  3:04  Marine  
  28  3:08  SCV  
  28  3:10  SCV  
  30  3:21  SCV  
  30  3:22  Marine  
  27  3:42  SCV x2, Factory Tech Lab  
  28  3:53  Marine  
  28  3:54  SCV  
  30  3:59  SCV  
  31  4:05  Siege Tank  
  31  4:06  SCV, Command Center  
  31  4:07  Factory  
  35  4:10  Command Center  
  35  4:11  SCV  
  36  4:18  SCV  
  36  4:23  SCV, Supply Depot  
  38  4:34  SCV, Factory  
  38  4:35  SCV  
  40  4:39  Armory  
  40  4:46  SCV  
  40  4:48  SCV, Orbital Command  
  42  4:53  Refinery  
  42  4:54  Refinery  
  42  4:58  SCV  
  43  5:00  SCV  
  43  5:04  Engineering Bay  
  43  5:05  Factory Reactor  
  44  5:08  Widow Mine  
  44  5:10  SCV  
  44  5:12  SCV  
  48  5:19  Orbital Command  
  48  5:22  SCV  
  48  5:23  Orbital Command  
  48  5:24  SCV  
  48  5:26  Factory Reactor  
  50  5:29  Drilling Claws  
  50  5:32  Terran Vehicle Weapons Level 1  
  50  5:36  SCV  
  50  5:37  SCV  
  50  5:38  Orbital Command, Sensor Tower  
  52  5:48  SCV x3  
  56  5:50  SCV  
  56  5:55  Widow Mine x2  
  56  5:56  Missile Turret x3  
  60  6:00  SCV x2  
  60  6:11  Orbital Command  
  60  6:15  SCV  
  60  6:16  SCV x3  
  60  6:18  Widow Mine x5  
  72  6:28  SCV x2  
  74  6:33  Orbital Command  
  74  6:39  Widow Mine x4, SCV x2  
  85  6:40  SCV  
  85  6:42  Widow Mine, Refinery  
  85  6:47  Refinery  
  87  6:57  SCV x3  
  87  6:59  SCV  
  91  7:07  Widow Mine x4, Armory  
  99  7:09  Factory  
  99  7:13  Sensor Tower  
  99  7:19  Orbital Command  
  99  7:20  Supply Depot x2  
  99  7:21  Supply Depot  
  99  7:30  Missile Turret  
  99  7:32  Missile Turret  
  99  7:33  Missile Turret  
  99  7:40  Terran Vehicle Weapons Level 2  
  99  7:42  Widow Mine, SCV x4  
  99  7:43  Missile Turret  
  105  7:45  Missile Turret  
  105  7:46  Missile Turret  
  105  7:50  SCV, Factory  
  106  7:51  Missile Turret  
  106  7:52  Factory  
  106  7:54  SCV x3, Factory  
  110  8:00  Widow Mine x4, Factory Reactor  
  110  8:02  SCV, Terran Vehicle And Ship Armor Level 1  
  118  8:06  SCV x2  
  118  8:10  Widow Mine  
  122  8:17  Armory  
  122  8:21  Widow Mine x3  
  122  8:24  Supply Depot  
  122  8:25  Supply Depot x2  
  128  8:27  Missile Turret x2  
  128  8:30  Missile Turret  
  128  8:32  Missile Turret  
  128  8:34  Sensor Tower  
  125  8:37  Widow Mine x3  
  125  8:38  Widow Mine  
  133  8:46  Widow Mine  
  133  8:47  Widow Mine x2  
  133  8:48  Factory Reactor x3  
  121  8:58  Widow Mine x2  
  121  8:59  Widow Mine x2  
  121  9:02  SCV x2  
  131  9:04  Refinery  
  131  9:05  Refinery  
  131  9:08  Widow Mine x3  
  125  9:19  SCV x4  
  125  9:20  Widow Mine x3  
  125  9:21  Widow Mine  
  137  9:24  Orbital Command  
  137  9:26  Widow Mine  
  137  9:27  Widow Mine x5  
  137  9:28  Terran Ship Weapons Level 1  
  137  9:29  Widow Mine x3  
  155  9:31  SCV x3  
  155  9:32  Supply Depot  
  158  9:41  Widow Mine x2  
  162  9:46  Starport  
  162  9:47  Starport x2  
  162  9:48  Starport  
  162  9:50  Starport  
  162  9:54  Widow Mine x4  
  162  9:59  Sensor Tower  
  170  10:08  Command Center  
  170  10:23  Widow Mine x4  
  170  10:24  Widow Mine x6  
  170  10:25  Widow Mine x2  
  136  10:31  Widow Mine  
  122  10:44  Widow Mine x3  
  122  10:45  Widow Mine x5  
  122  10:46  Widow Mine x4  
  146  10:53  Widow Mine  
  148  11:05  Widow Mine  
  148  11:06  Widow Mine x5  
  148  11:07  Widow Mine x5  
  170  11:16  Widow Mine  
  170  11:20  Widow Mine  
  168  11:27  Widow Mine x4  
  168  11:28  Widow Mine x5  
  168  11:29  Widow Mine  
  168  11:30  SCV  
  186  11:33  Widow Mine  
  185  11:41  Widow Mine x2  
  161  11:48  Widow Mine  
  161  11:49  Widow Mine x6  
  161  11:50  Widow Mine x2  
  161  11:51  Widow Mine  
  176  12:10  SCV x3  
  176  12:11  Widow Mine, SCV  
  176  12:12  Widow Mine  
  176  12:13  Widow Mine x2  
  176  12:14  Widow Mine x4  
  170  12:17  Widow Mine x2  
  170  12:22  SCV x3  
  159  12:23  Widow Mine x3, SCV  
  156  12:32  Widow Mine  
  156  12:34  Widow Mine x3  
  156  12:35  Widow Mine  
  156  12:36  Widow Mine x2  
  145  12:42  SCV x4  
  145  12:43  Widow Mine  
  145  12:44  Starport Tech Lab x3  
  151  12:47  Terran Ship Weapons Level 2  
  151  12:48  Terran Vehicle And Ship Armor Level 2  
  151  12:50  Starport Tech Lab, Terran Vehicle Weapons Level 3  
  150  12:52  Fusion Core  
  150  12:53  Widow Mine  
  150  12:54  SCV  
  150  12:57  Starport Tech Lab  
  150  12:58  SCV x2  
  155  13:06  Widow Mine x2  
  155  13:12  SCV x2  
  157  13:16  Orbital Command  
  156  13:36  Refinery  
  156  13:38  Orbital Command  
  156  13:40  Widow Mine x3  
  156  13:41  Widow Mine x4  
  170  13:44  Supply Depot  
  170  13:45  Weapon Refit  
  170  13:47  Supply Depot  
  170  13:48  Supply Depot  
  170  13:55  SCV  
  171  14:06  Widow Mine, Battlecruiser  
  171  14:08  Widow Mine, Battlecruiser  
  193  14:10  Widow Mine x3  
  193  14:11  Supply Depot  
  193  14:13  Command Center  
  193  14:32  Siege Tank  
  193  14:33  Widow Mine x2  
  200  14:52  Command Center  
  200  14:54  Command Center  
  200  14:58  Command Center  
  200  15:02  Command Center  
  198  15:12  Widow Mine  
  198  15:13  Widow Mine x7  
  194  15:26  Battlecruiser x2  
  188  15:28  SCV x2  
  188  15:29  SCV, Orbital Command  
  188  15:34  Refinery  
  191  15:36  Battlecruiser  
  191  15:38  Refinery  
  191  15:40  Terran Ship Weapons Level 3  
  191  15:42  Widow Mine  
  184  16:01  Battlecruiser x2  
  196  16:05  SCV  
  196  16:10  Orbital Command  
  196  16:11  Orbital Command  
  197  16:19  Orbital Command x2  
  197  16:26  Command Center  
  197  16:29  Widow Mine  
  199  16:38  Terran Vehicle And Ship Armor Level 3  
  199  16:42  Orbital Command  
  199  16:46  Sensor Tower  
  199  16:48  Command Center  
  199  16:51  Command Center  
  173  17:12  Widow Mine  
  173  17:13  Widow Mine x12  
  147  17:21  Battlecruiser  
  149  17:34  Widow Mine x9  
  161  17:40  Widow Mine x4  
  161  17:42  Battlecruiser  
  174  17:55  Widow Mine x3  
  174  17:56  Battlecruiser x2  
  191  18:08  Battlecruiser  
  181  18:25  Battlecruiser  
  187  18:27  Widow Mine x2  
  187  18:31  Orbital Command  
  177  18:46  Battlecruiser  
  174  19:00  Battlecruiser  
  174  19:01  Battlecruiser  
  172  19:10  SCV x2  
  172  19:16  Orbital Command  
  174  19:20  SCV x2  
  176  19:30  SCV x2  
  178  19:45  Widow Mine x2  
  182  19:46  Battlecruiser  
  182  19:47  SCV x2  
  190  19:59  Battlecruiser  
  196  20:23  Orbital Command  
  190  20:34  Battlecruiser  
  172  21:03  Battlecruiser x4  
  194  21:37  Widow Mine, Orbital Command  
  194  21:38  Widow Mine x2  
  196  21:58  Widow Mine x2  
  196  21:59  Widow Mine x3  
Tags
 
Add a new tag
Caveats
  • Supply blocks, unpowered buildings, or Contaminate may cause inaccurate times.
  • Supply counts are checked every 10 seconds.